 Dungeon Crawl Stone Soup version 0.29-a0-555-g3b24f45cc1 (webtiles) character file.

Game seed: 16294808196192322575

3 Hubjo the Insei (level 1, -1/15 HPs)
             Began as a Demonspawn Transmuter on June 7, 2022.
             Was a Follower of Trog.
             Slain by a quokka (3 damage)
             ... on level 1 of the Dungeon.
             The game lasted 00:00:21 (361 turns).

Hubjo the Insei (Demonspawn Transmuter)              Turns: 361, Time: 00:00:22

Health: -1/15      AC:  2    Str: 10    XL:     1   Next: 41%
Magic:  3/3        EV: 12    Int: 14    God:    Trog [*.....]
Gold:   12         SH:  0    Dex: 13    Spells: 3/4 levels left

rFire   . . .      SeeInvis .     - Unarmed
rCold   . . .      Faith    .   (no shield)
rNeg    . . .      Spirit   .   a - +0 robe
rPois   .          Reflect  .   (no helmet)
rElec   .          Harm     .   (no cloak)
rCorr   .          Rampage  .   (no gloves)
Will    .....                   (no boots)
Stlth   +.........              (no amulet)
HPRegen 0.05/turn               (no ring)
MPRegen 0.08/turn               (no ring)

@: no status effects
A: no striking features
a: Renounce Religion, Berserk


You were on level 1 of the Dungeon.
You worshipped Trog.
Trog was aware of your devotion.
You visited 1 branch of the dungeon, and saw 1 of its levels.

You collected 12 gold pieces.

Inventory:

Armour
 a - a +0 robe (worn)
Scrolls
 d - a scroll of brand weapon {unknown}
 e - a scroll of teleportation {unknown}
Potions
 b - a potion of lignification
 c - a potion of magic {unknown}


   Skills:
 * Level 1.1 Fighting
 - Level 1.7 Dodging
 + Level 0.1 Stealth
 + Level 2.7 Unarmed Combat
 - Level 2.0 Spellcasting
 - Level 1.8 Transmutations


You had 3 spell levels left.
You knew the following spells:

 Your Spells              Type           Power      Damage    Failure   Level
a - Beastly Appendage     Tmut           12%        N/A       11%         1

Your spell library contained the following spells:

 Spells                   Type           Power      Damage    Failure   Level
 Wereblood                Tmut           6%         N/A       17%         2
 Spider Form              Tmut/Pois      4%         N/A       43%         3
 Ice Form                 Ice/Tmut       4%         N/A       85%         4


Dungeon Overview and Level Annotations

Branches:
Dungeon (1/15)

Altars:
Trog


Message History

You closely miss the rat.
The rat is severely wounded.
The rat closely misses you.
You hit the rat but do no damage.
The rat is severely wounded.
The rat bites you.
You hit the rat.
You kill the rat!
You see here a rat corpse.
You open the door.
There is an open door here.
There is a fountain of clear blue water here.
There is a faded altar of an unknown god here.
You cannot tell which god this altar belongs to.
Convert to them anyway?
Trog accepts your prayer! Trog welcomes you!
You can now go berserk at will.
There is an open door here.
A frilled lizard comes into view.
A frilled lizard is nearby!
A frilled lizard is nearby!
A frilled lizard is nearby!
A quokka comes into view.
The frilled lizard hisses angrily.
You barely miss the frilled lizard. The frilled lizard closely misses you.
The frilled lizard closely misses you.
The frilled lizard bites you but does no damage.
The frilled lizard bites you but does no damage.
The frilled lizard completely misses you.
The quokka closely misses you. The frilled lizard barely misses you.
The quokka misses you. The frilled lizard bites you. The quokka bites you.
The frilled lizard bites you. The quokka bites you.
The frilled lizard misses you. The quokka bites you.
* * * LOW HITPOINT WARNING * * *
The frilled lizard barely misses you. The quokka bites you.
* * * LOW HITPOINT WARNING * * *
The quokka bites you.
You die...

#+#### #.#.. ##### #.#.#
.....##.#.### ..........
......#.### #r.l......
#@# #.# #.# # #.# ## #.#
.# #.# .# #.#
.############ #.########
............####........#


You could see a quokka and a frilled lizard.

Vanquished Creatures
  A hobgoblin (D:1)
  A quokka (D:1)
  A rat (D:1)
3 creatures vanquished.

Notes
Turn   | Place    | Note
-------+----------+-------------------------------------------
     0 | D:1      | Hubjo the Demonspawn Transmuter began the quest for the
                  | Orb.
     0 | D:1      | Reached XP level 1. HP: 15/15 MP: 3/3
   201 | D:1      | Found a faded altar of an unknown god.
   283 | D:1      | Prayed at the altar of an unknown god.
   283 | D:1      | Became a worshipper of Trog the Wrathful
   283 | D:1      | Reached * piety under Trog
   361 | D:1      | Slain by a quokka

Illustrated notes

Levels and vault maps discovered:
D:1:      scummos_arrival_gate, layout_loops_corners,
          shapermc_ecumenical_altar_totnotflames

Action                   || total
-------------------------++-------
Melee: Unarmed           ||    22
       Kick              ||     1
       Headbutt          ||     1
       Punch             ||     1
 Cast: Beastly Appendage ||     2
 Stab: Sleeping          ||     1
Armor: Robe              ||     4
Dodge: Dodged            ||    22

Table legend: (Time is in decaauts)
 A = Elapsed time spent in this place.
 B = Non-inter-level travel time spent in this place.
 C = Inter-level travel time spent in this place.
 D = Time resting spent in this place.
 E = Time spent auto-exploring this place.
 F = Levels seen in this place.
 G = Mean time per level.
                   A        B        C        D        E       F      G
               +--------+--------+--------+--------+--------+-----+--------+
         Total |    360 |    337 |     23 |      0 |    278 |   1 |  360.0 |
       Dungeon |    360 |    337 |     23 |      0 |    278 |   1 |  360.0 |
               +--------+--------+--------+--------+--------+-----+--------+

Top non-repeatable levels by time:
     D:1: 360 daAuts
